AoeStats
← 军军

Arabia

509821716Analyzed
1v1 RM · 5d ago on Sep 28, 2026· 44m 55s· 2 players
Game mode
Random Map
Map size
Tiny (2 player)
Population
200
Speed
Normal
Resources
Standard
Victory
Conquest
Starting age
Dark Age
Ending age
Imperial Age
RankedLock teamsTeams togetherTeam positionsShared explorationLock speedFull tech treeHidden civsTurbo modeCheats
Victory
Defeat
🇨🇳 Teutons · China
782
+17
🇧🇩 Burgundians · Bangladesh
811
-17
军军
7:20 Loom
10:07 Feudal Age
11:38 Double-Bit Axe
12:53 Horse Collar
12:56 Man-at-Arms
16:55 Scale Mail Armor
17:05 Forging
19:30 Wheelbarrow
22:12 Bloodlines
24:06 Scale Barding Armor
32:40 Castle Age
30:26 Town Watch
39:32 Bow Saw
42:39 Gambesons
AmiDakatErMama
7:54 Loom
9:51 Feudal Age
11:14 Double-Bit Axe
18:53 Scale Barding Armor
18:59 Forging
24:11 Horse Collar
28:34 Castle Age
31:08 Husbandry
39:06 Gold Mining
Connection lost

Rejoining the realm…

Still unreachable

The connection could not be restored.

Session expired

The server has moved on; the page needs a fresh start.